[Event "*** Titled Tuesday Blitz"]
[Site "Chess.com"]
[Date "2018.04.03"]
[Round "7"]
[White "FMJoseHerrera"]
[Black "Blitzstream"]
[Result "1-0"]
[WhiteElo "2498"]
[BlackElo "2444"]
[TimeControl "180+2"]
[EndTime "14:30:39 PDT"]
[Termination "FMJoseHerrera won on time"]

1. Nf3 e6 2. g3 g5 3. Bg2 g4 4. Ng1 h5 5. h4 gxh3 6. Nxh3 Nc6 7. d3 d5 8. Nc3 Nge7 9. Bg5 Bg7 10. e4 f6 11. Bd2 d4 12. Ne2 e5 13. c4 dxc3 14. Bxc3 Bg4 15. Qc2 Qd7 16. O-O-O f5 17. Kb1 O-O-O 18. f3 Bxh3 19. Bxh3 Kb8 20. Rc1 Qxd3 21. exf5 Bh6 22. f4 Qxc2+ 23. Rxc2 Rhf8 24. fxe5 Nxf5 25. Bxf5 Rxf5 26. g4 Rff8 27. gxh5 Rfe8 28. a3 Nxe5 29. Nd4 Ng4 30. Nf5 Bf4 31. h6 Be5 32. h7 Bxc3 33.
Rxc3 Nf6 34. Rg3 Rh8 35. Rg7 Rdf8 36. Ne7 Ne8 37. Rg8 1-0

[Event "*** Titled Tuesday Blitz"]
[Site "Chess.com"]
[Date "2018.04.03"]
[Round "7"]
[White "florianschwabeneder"]
[Black "PowerThinking2650"]
[Result "1-0"]
[WhiteElo "2369"]
[BlackElo "2225"]
[TimeControl "180+2"]
[EndTime "14:30:42 PDT"]
[Termination "florianschwabeneder won by resignation"]

1. d4 Nf6 2. Bf4 g6 3. Nc3 d5 4.
f3 Bg7 5. e4 dxe4 6. fxe4 O-O 7. Qd2 c6 8. O-O-O Qa5 9. Nf3 b5 10. Bd3 b4 11. Nb1 Qxa2 12. Qxb4 a5 13. Qxe7 Na6 14.
Qa3 Qe6 15. Rhe1 Nb4 16. h3 Nxd3+ 17. Qxd3 Ba6 18. Qa3 Nxe4 19. Ng5 Nxg5 20. Rxe6 Nxe6 21. Be3 Rfb8 22. c3 Bc4 23. Qd6 Bd5 24. Nd2 Bxg2 25.
Qg3 Bd5 26. c4 Nxd4 27. Bxd4 Bxd4 28. cxd5 Bxb2+ 29. Kc2 cxd5 30. Rb1 Rc8+ 31. Kxb2 Rab8+ 32. Ka1 1-0

[Event "*** Titled Tuesday Blitz"]
[Site "Chess.com"]
[Date "2018.04.03"]
[Round "7"]
[White "schoolmeester"]
[Black "gkchesstiger"]
[Result "0-1"]
[WhiteElo "2694"]
[BlackElo "2779"]
[TimeControl "180+2"]
[EndTime "14:30:51 PDT"]
[Termination "gkchesstiger won by resignation"]

1. e4 c5 2. Nf3 e6 3. d4 cxd4 4. Nxd4 a6 5. c4 Nf6 6. Nc3 Qc7 7. Bd3 Nc6 8. Be3 Bd6 9. g3 b6 10. Nxc6 Qxc6 11. f4 Bb7 12. Qe2 Bb4 13. Bd2 Bxc3 14. Bxc3 Nxe4 15. Bxe4 Qxe4 16. Qxe4 Bxe4 17. O-O f6 18.
Rfd1 d5 19. cxd5 exd5 20. Bd4 Rb8 21. Rac1 Kd7 22. Rc3 Rhc8 23. Rdc1 Rxc3 24. Rxc3 h5 25. h3 a5 26. a3 Bf5 27. h4 Kd6 28. Kf2 b5 29.
Rc1 Bd3 30. b4 axb4 31. axb4 Ra8 32. Ra1 Ra4 33. Ke3 Be4 34. Rxa4 bxa4 35. b5 a3 36. Kd2 a2 37. Kc1 Bd3 38. b6 Ba6 39. Kb2 Ke6 40.
Kxa2 Kf5 41. Bc5 Kg4 42. Bf8 f5 43. Be7 Kxg3 44. Bg5 d4 45. Kb3 Kf3 46. Kc2 Ke2 0-1

[Event "*** Titled Tuesday Blitz"]
[Site "Chess.com"]
[Date "2018.04.03"]
[Round "7"]
[White "Mistheoretical"]
[Black "SanQui14"]
[Result "0-1"]
[WhiteElo "2302"]
[BlackElo "2232"]
[TimeControl "180+2"]
[EndTime "14:30:53 PDT"]
[Termination "SanQui14 won on time"]

1. d4 Nf6 2. Bg5 c5 3. Nc3 cxd4 4. Qxd4 Nc6 5. Qh4 h6 6. O-O-O Qa5 7. Bxf6 exf6 8. f4 Bc5 9. e4 O-O 10. Nf3 Bb4 11. Rd5 Qd8 12. Rd3 d6 13. Nd5 Bc5 14. Rd1 Qa5 15. Bc4 Qa4 16. Nd2 Nd4 17. Ne3 Be6 18. Kb1 Nxc2 19. Bxe6 Nxe3 20. Bb3 Qa6 21. Nf3 Nxd1 22. Rxd1 Qe2 23. Re1 Qxg2 0-1

[Event "*** Titled Tuesday Blitz"]
[Site "Chess.com"]
[Date "2018.04.03"]
[Round "7"]
[White "Man-Chuk"]
[Black "Kimster98"]
[Result "1-0"]
[WhiteElo "2674"]
[BlackElo "2599"]
[TimeControl "180+2"]
[EndTime "14:30:56 PDT"]
[Termination "Man-Chuk won by resignation"]

1. d4 Nf6 2. Nf3 d5 3. Bf4 e6 4. e3 Bd6 5. Bg3 O-O 6. c4 dxc4 7. Bxc4 c5 8. Nc3 cxd4 9. Nxd4 Bxg3 10. hxg3 Qb6 11.
g4 h6 12. Bd3 e5 13. Nf5 Rd8 14. Ne7+ Kf8 15. Nxc8 Rxc8 16. g5 Qxb2 17. gxf6 Qxc3+ 18. Ke2 Qb2+ 19. Kf1 gxf6 20. Bf5 Qb5+ 21. Kg1 Re8 22.
Qd6+ Kg7 23. Rxh6 Qc6 24. Rh7+ Kg8 25. Qd1 Kf8 26. Rc1 Qb6 27. Qh5 1-0

[Event "*** Titled Tuesday Blitz"]
[Site "Chess.com"]
[Date "2018.04.03"]
[Round "7"]
[White "aa175"]
[Black "DACF2905"]
[Result "0-1"]
[WhiteElo "1937"]
[BlackElo "2055"]
[TimeControl "180+2"]
[EndTime "14:30:56 PDT"]
[Termination "DACF2905 won by checkmate"]

1. e4 c5 2. b4 cxb4 3. a3 Nc6 4. d4 d5 5. e5 e6 6. Nf3 Nh6 7. Bxh6 gxh6 8. axb4 Bxb4+ 9. c3 Be7 10. h4 f6 11. Qc1 fxe5 12. Qxh6 exd4 13. Qh5+ Kd7 14. cxd4 Qb6 15. Nbd2 Nxd4 16. Rb1 Nxf3+ 17. Qxf3 Qd4 18. Bb5+ Kd6 19. Qa3+ Qc5 20. Nb3 Qxa3 21. O-O Ke5 22. Rfe1+ Kf6 23. Re3 Qa2 24. Rbe1 a6 25. Rf3+ Kg7 26.
Bf1 Bf6 27. Nc5 b6 28. Nxe6+ Bxe6 29. Rxe6 Rhf8 30. Rg3+ Kh8 31. Rxb6 Bxh4 32. Rf3 Rxf3 33. gxf3 Qxf2+ 34. Kh1 Qxf1+ 35. Kh2 Qf2+ 36. Kh1 Qxf3+ 37. Kh2 Bg3+ 38. Kh3 Bc7+ 39. Kh4 Bxb6 40. Kg5 Rg8+ 41. Kh6 Qh3# 0-1

[Event "*** Titled Tuesday Blitz"]
[Site "Chess.com"]
[Date "2018.04.03"]
[Round "7"]
[White "chesstatour"]
[Black "2L8IWUN"]
[Result "0-1"]
[WhiteElo "1984"]
[BlackElo "2121"]
[TimeControl "180+2"]
[EndTime "14:30:58 PDT"]
[Termination "2L8IWUN won on time"]

1. c4 e5 2. Nc3 Nc6 3. Nf3 f5 4. d4 e4 5. Ng5 Nf6 6. g3 Bb4 7. Bg2 O-O 8. O-O Bxc3 9. bxc3 d6 10. Nh3 h6 11. Nf4 g5 12. Nd5 Na5 13. Qa4 Nxd5 14.
cxd5 b6 15. Ba3 Ba6 16. Bb4 Bxe2 17. Rfe1 Bd3 18. Bxa5 bxa5 19. Qxa5 c5 20. Qa4 c4 21.
f3 Qe7 22. fxe4 fxe4 23. Re3 g4 24. Rae1 Rab8 25. Bxe4 Qf6 26. Bxd3 Qf2+ 27. Kh1 Rb2 28. R3e2 Rxe2 0-1

[Event "*** Titled Tuesday Blitz"]
[Site "Chess.com"]
[Date "2018.04.03"]
[Round "7"]
[White "Gattass"]
[Black "abubakrtagelsir"]
[Result "1-0"]
[WhiteElo "2210"]
[BlackElo "2251"]
[TimeControl "180+2"]
[EndTime "14:30:58 PDT"]
[Termination "Gattass won by checkmate"]

1. e4 d6 2. d4 Nf6 3. Nc3 g6 4. g3 Bg7 5. Bg2 O-O 6. Nge2 a6 7. h3 Nc6 8. O-O e5 9. Be3 Bd7 10. Qd2 Re8 11. f4 exd4 12. Nxd4 Qc8 13. Kh2 b5 14. e5 Nxd4 15. exf6 Rxe3 16. Qxd4 Rxc3 17. Qxc3 Bf8 18. Bxa8 Qxa8 19. Qxc7 Be6 20. Rae1 Qd5 21. Rf2 Qd4 22.
Rfe2 Bc4 23. c3 Qxf6 24. Re8 Qf5 25. Qd8 Qc2+ 26. Kg1 Kg7 27. Rxf8 Bd5 28. Rg8+ Kh6 29. Qh4# 1-0

[Event "*** Titled Tuesday Blitz"]
[Site "Chess.com"]
[Date "2018.04.03"]
[Round "7"]
[White "kikydu96"]
[Black "simplerXiao"]
[Result "0-1"]
[WhiteElo "2362"]
[BlackElo "2429"]
[TimeControl "180+2"]
[EndTime "14:31:02 PDT"]
[Termination "simplerXiao won by resignation"]

1. e4 c5 2. Nf3 e6 3. d4 cxd4 4. Nxd4 Nc6 5. Nb5 d6 6. Bf4 e5 7.
Be3 a6 8. N5c3 Nf6 9. Na3 b5 10.
Nd5 Nxd5 11. exd5 Ne7 12. c4 Nf5 13. Bd2 Be7 14. cxb5 O-O 15. Be2 Bb7 16. Bc3 Nd4 17. Bxd4 exd4 18. Qxd4 Bf6 19. Qd2 Bg5 20. f4 Bh4+ 21. g3 Bf6 22. O-O Qb6+ 23. Kg2 axb5 24. Nxb5 Rfe8 25. Nc3 Bxc3 26. bxc3 Bxd5+ 27. Qxd5 Rxe2+ 28. Kh1 Rae8 29. a4 Qb2 30. Qh5 g6 31. Qh3 Qb7+ 32.
Kg1 Qb6+ 33. Kh1 Qc6+ 34. Kg1 Qc5+ 35. Kh1 Qd5+ 36. Kg1 Qc5+ 37. Kh1 Qxc3 38. Qg4 R8e3 39. Rac1 Qd4 40. Qc8+ Kg7 41. Qb7 d5 42. Qb1 Rd3 43. Qa1 Rb2 44. Rce1 Rdd2 0-1

[Event "*** Titled Tuesday Blitz"]
[Site "Chess.com"]
[Date "2018.04.03"]
[Round "7"]
[White "igorkovalenko"]
[Black "GMMatamoros"]
[Result "1-0"]
[WhiteElo "2697"]
[BlackElo "2465"]
[TimeControl "180+2"]
[EndTime "14:31:05 PDT"]
[Termination "igorkovalenko won by resignation"]

1. d4 Nf6 2. Nf3 g6 3. Nc3 d5 4. Bf4 Bg7 5. Nb5 Na6 6. e3 O-O 7. h3 c5 8. c3 Bd7 9. a4 Bf5 10. Be2 Be4 11. O-O Bxf3 12. Bxf3 e6 13. Qb3 c4 14. Qa2 Qd7 15. Rfc1 Rfc8 16. Rab1 Bf8 17. b4 Nb8 18. Be5 Be7 19. Qc2 Nc6 20. Bxf6 Bxf6 21. e4 a5 22. bxa5 Nxa5 23. exd5 exd5 24. Re1 Re8 25. Rxe8+ Rxe8 26. Bxd5 Qxd5 27. Nc7 Qe4 28. Qxe4 Rxe4 29. Rb5 Bd8 30. Nd5 Kg7 31. Kf1 Re6 32. g3 b6 33. Kg2 Nb3 34. Ne3 Rc6 35. Rd5 Bf6 36. Rd7 Nd2 37. f4 Ne4 38. Nd5 Re6 39.
g4 Nd2 40. g5 Bxd4 41. cxd4 Re2+ 42. Kg3 c3 43. Rc7 c2 44. Nb4 Re3+ 45. Kf2 Rxh3 46. Rxc2 Ne4+ 47. Ke2 Nc3+ 48. Kd2 Ne4+ 49. Ke2 h5 50.
gxh6+ Kxh6 51. Rc7 f5 52. Nd5 Nc3+ 53. Nxc3 1-0

[Event "*** Titled Tuesday Blitz"]
[Site "Chess.com"]
[Date "2018.04.03"]
[Round "7"]
[White "Zufi1811"]
[Black "Yaacovn"]
[Result "1-0"]
[WhiteElo "2466"]
[BlackElo "2636"]
[TimeControl "180+2"]
[EndTime "14:31:05 PDT"]
[Termination "Zufi1811 won by resignation"]

1. e4 c6 2. d4 d5 3. e5 Bf5 4.
Nf3 e6 5. Be2 Ne7 6. O-O Bg6 7.
Nh4 Nf5 8. Nxf5 Bxf5 9. Nd2 c5 10. c3 Nc6 11. Nf3 Qb6 12. dxc5 Bxc5 13. b4 Be7 14.
b5 Na5 15. Nd4 Bg6 16. Be3 Bc5 17. f4 O-O 18. Kh1 Nc4 19. Bg1 Be4 20. Bd3 Bxd4 21. Bxd4 Qxb5 22. Rb1 Qc6 23. Bxe4 dxe4 24. f5 exf5 25.
Rxf5 e3 26. Qg4 Qg6 27. Qf4 Rfe8 28. Re1 h6 29. h4 Qe6 30. h5 Rac8 31. g4 Nb2 32.
Rxe3 Qxa2 33. g5 Nc4 34. Rg3 Qb1+ 35. Kh2 Qc2+ 36. Rg2 Qd3 37. gxh6 Rc5 38. Bxc5 1-0

[Event "*** Titled Tuesday Blitz"]
[Site "Chess.com"]
[Date "2018.04.03"]
[Round "7"]
[White "r31415"]
[Black "Slovak_fighter2000"]
[Result "1-0"]
[WhiteElo "2206"]
[BlackElo "2344"]
[TimeControl "180+2"]
[EndTime "14:31:06 PDT"]
[Termination "r31415 won by resignation"]

1. e4 c5 2. Nf3 e6 3. d4 cxd4 4. Nxd4 Nc6 5. Nb5 Bc5 6. Qg4 Nf6 7.
Qh4 a6 8. N5c3 d5 9. exd5 exd5 10. Bg5 Be6 11. Bd3 Ne5 12. O-O Nxd3 13. cxd3 Be7 14.
Nd2 O-O 15. Rae1 h6 16. Bxf6 Bxf6 17. Qg3 Qb8 18. f4 Re8 19. f5 Qxg3 20. hxg3 Bxc3 21. bxc3 Bd7 22. Rb1 Bb5 23. c4 dxc4 24. dxc4 Bc6 25. Nf3 Rad8 26. Rfd1 Rxd1+ 27. Rxd1 Re2 28. a3 Re3 29.
Nd4 Be4 30. Kf2 1-0

[Event "*** Titled Tuesday Blitz"]
[Site "Chess.com"]
[Date "2018.04.03"]
[Round "7"]
[White "1random"]
[Black "GasconJR"]
[Result "1-0"]
[WhiteElo "2201"]
[BlackElo "2324"]
[TimeControl "180+2"]
[EndTime "14:31:07 PDT"]
[Termination "1random won by resignation"]

1. Nf3 Nf6 2. c4 e6 3. Nc3 Bb4 4. Qc2 O-O 5. g4 Nxg4 6. Rg1 f5 7. a3 Be7 8. d4 Bh4 9. Nxh4 Qxh4 10. Rg3 Nxf2 11.
Bg5 Qxd4 12. e3 Qe5 13. Qxf2 d6 14. O-O-O Na6 15. Bf4 Qf6 16. Be2 Bd7 17. Rdg1 Rf7 18. Bg5 Qe5 19. Bh6 g6 20. h4 Re7 21. h5 Be8 22. hxg6 hxg6 23. Bh5 Rh7 24. Bxg6 Bxg6 25. Rxg6+ Kf7 26. Rg7+ Rxg7 27. Rxg7+ Qxg7 28. Bxg7 Kxg7 29. Qg2+ Kf6 30. Qxb7 1-0

[Event "*** Titled Tuesday Blitz"]
[Site "Chess.com"]
[Date "2018.04.03"]
[Round "7"]
[White "temiksmozg"]
[Black "jefferyx"]
[Result "0-1"]
[WhiteElo "2548"]
[BlackElo "2766"]
[TimeControl "180+2"]
[EndTime "14:31:11 PDT"]
[Termination "jefferyx won by resignation"]

1. d4 Nf6 2. c4 e6 3. Nf3 d5 4.
Nc3 c5 5. cxd5 Nxd5 6. e4 Nxc3 7. bxc3 cxd4 8. cxd4 Bb4+ 9. Bd2 Bxd2+ 10. Qxd2 O-O 11.
Bc4 b6 12. O-O Bb7 13. Rfe1 Nd7 14. Rad1 Nf6 15. Bd3 h6 16. h3 Rc8 17. Bb1 Qc7 18. Rc1 Qe7 19. Rcd1 Rfd8 20. Qd3 Qb4 21. Qe3 a5 22.
Qf4 a4 23. Kh2 Rc3 24. Re3 Rxe3 25. fxe3 Rc8 26. Ne5 Qb2 27. Nd3 Qa3 28. Ne5 Rc1 29. Rxc1 Qxc1 30. Bd3 a3 31. d5 exd5 32. exd5 Bxd5 33.
Ng4 Ne8 34. Qb8 Qc7+ 35. Qxc7 Nxc7 36. Bb1 Nb5 37. Ne5 Nc3 38. Bf5 Bxa2 39. Nd3 Bc4 40. Nc1 a2 0-1

[Event "*** Titled Tuesday Blitz"]
[Site "Chess.com"]
[Date "2018.04.03"]
[Round "7"]
[White "petrpalachev"]
[Black "Konavets"]
[Result "0-1"]
[WhiteElo "2595"]
[BlackElo "2777"]
[TimeControl "180+2"]
[EndTime "14:31:12 PDT"]
[Termination "Konavets won by resignation"]

1. d4 Nf6 2. c4 b6 3. Nf3 Bb7 4. g3 g6 5. Bg2 Bg7 6. O-O O-O 7. Qc2 Be4 8. Qd2 c5 9. Nc3 cxd4 10. Nxe4 Nxe4 11.
Qd1 Nc6 12. Nxd4 Nxd4 13. Bxe4 Rc8 14. e3 Nc6 15. Qe2 Ne5 16. Bd3 Qc7 17. Rd1 Nxd3 18. Qxd3 d6 19. Bd2 Qxc4 20. Qxc4 Rxc4 21. Rdc1 Rfc8 22. Rxc4 Rxc4 23. Rc1 Rxc1+ 24. Bxc1 f5 25. b3 Kf7 26. Kf1 e5 27. Ke2 e4 28. h4 Ke6 29.
Ba3 Be5 30. Bb4 Kd5 31. Bd2 Kc5 32. Be1 b5 33. Bd2 b4 34. Kd1 d5 35. Ke2 Bc3 36.
Bc1 Kd6 37. a4 Ke6 38. Kd1 Kf7 39. Ke2 Kg7 40. Kf1 Kh6 41. Kg2 Kh5 42. Kh3 Be1 43. Kg2 Kg4 44. Kf1 Bc3 45. Kg2 a5 46. Kg1 Kf3 47. Kf1 h5 0-1

[Event "*** Titled Tuesday Blitz"]
[Site "Chess.com"]
[Date "2018.04.03"]
[Round "7"]
[White "patrisiii123"]
[Black "codapbg94"]
[Result "1-0"]
[WhiteElo "2250"]
[BlackElo "2063"]
[TimeControl "180+2"]
[EndTime "14:31:12 PDT"]
[Termination "patrisiii123 won by resignation"]

1. e4 c5 2. Nf3 d6 3. d4 cxd4 4. Nxd4 Nf6 5. Nc3 a6 6. Be3 e5 7. Nb3 Be7 8. Be2 Be6 9. O-O O-O 10. f4 Qc7 11. f5 Bc4 12. g4 Bxe2 13. Qxe2 Qc6 14.
Qf3 h6 15. h4 Nh7 16. Qg3 Nf6 17.
g5 hxg5 18. hxg5 Nxe4 19. Nxe4 Qxe4 20. Nd2 Qxc2 21. Rac1 Qxb2 22. f6 Bd8 23. Qh3 Nc6 24. Kg2 gxf6 25. Rh1 1-0

[Event "*** Titled Tuesday Blitz"]
[Site "Chess.com"]
[Date "2018.04.03"]
[Round "7"]
[White "lucasran"]
[Black "Vice64"]
[Result "1-0"]
[WhiteElo "2403"]
[BlackElo "2356"]
[TimeControl "180+2"]
[EndTime "14:31:26 PDT"]
[Termination "lucasran won by resignation"]

1. Nf3 Nf6 2. c4 e6 3. g3 b6 4.
Bg2 Bb7 5. O-O Be7 6. Nc3 c5 7. d4 cxd4 8. Qxd4 O-O 9. Rd1 Qc8 10. b3 a6 11. Na4 b5 12. Nb6 Qc7 13. Nxa8 Bxa8 14. Bf4 Qc8 15. cxb5 Bc5 16. Qb2 Ng4 17. e3 axb5 18. Rac1 Na6 19. Bd6 Qc6 20. Bxf8 Kxf8 21. b4 Nxb4 22. Ne1 d5 23. Rxc5 Qxc5 24. Rc1 Qd6 25.
Rc8+ Ke7 26. Rxa8 h5 27. a3 Nc6 28. Qxg7 Qc5 29. Qf8+ Kf6 30. Qxc5 1-0

[Event "*** Titled Tuesday Blitz"]
[Site "Chess.com"]
[Date "2018.04.03"]
[Round "7"]
[White "Sebastian"]
[Black "Fighterman91"]
[Result "1-0"]
[WhiteElo "2796"]
[BlackElo "2580"]
[TimeControl "180+2"]
[EndTime "14:31:34 PDT"]
[Termination "Sebastian won by resignation"]

1. e4 c5 2. Nf3 d6 3. d4 cxd4 4.
Nxd4 Nf6 5. Nc3 a6 6. Bg5 e6 7. f4 h6 8. Bh4 Qb6 9. a3 Nc6 10. Bf2 Qc7 11. Qf3 Bd7 12. O-O-O Be7 13. Be2 Rc8 14.
g4 g5 15. h4 gxf4 16. g5 Nh7 17. Kb1 Ne5 18. Qxf4 hxg5 19. hxg5 Bxg5 20. Rxh7 Bxf4 21. Rxh8+ Ke7 22. Bh4+ f6 23. Rh7+ Nf7 24. Nf5+ Kf8 25. Bh5 Be8 26. Ng7 Qc4 27. Nxe8 Kxe8 28. Rxf7 Rc7 29.
Rxc7+ 1-0

[Event "*** Titled Tuesday Blitz"]
[Site "Chess.com"]
[Date "2018.04.03"]
[Round "7"]
[White "TST2014"]
[Black "blitzcopter"]
[Result "1-0"]
[WhiteElo "2341"]
[BlackElo "2139"]
[TimeControl "180+2"]
[EndTime "14:31:44 PDT"]
[Termination "TST2014 won on time"]

1. d4 Nf6 2. c4 e6 3. Nf3 Bb4+ 4. Nbd2 b6 5. g3 Bb7 6. Bg2 c5 7. a3 Bxd2+ 8. Qxd2 cxd4 9. Qxd4 d6 10. b4 Qc7 11. Bb2 Nbd7 12. O-O O-O 13. Rfd1 Rac8 14. Rac1 Bxf3 15. exf3 Ne5 16. c5 bxc5 17. bxc5 Qb7 18. f4 Nf3+ 19. Bxf3 Qxf3 20. cxd6 Rcd8 21. Rc7 Ne8 22. Rd3 Qe2 23. d7 Qe1+ 24. Kg2 e5 25.
Qxe5 Qxe5 26. Bxe5 Nxc7 27. Bxc7 f6 28. f5 Kf7 29. Bxd8 Rxd8 30. Kf3 Ke7 31. Ke4 h6 32. g4 Kf7 33. Rd5 1-0

[Event "*** Titled Tuesday Blitz"]
[Site "Chess.com"]
[Date "2018.04.03"]
[Round "7"]
[White "eldur16"]
[Black "Zhuu96"]
[Result "1-0"]
[WhiteElo "2560"]
[BlackElo "2726"]
[TimeControl "180+2"]
[EndTime "14:31:48 PDT"]
[Termination "eldur16 won by resignation"]

1. e4 c5 2. Ne2 d6 3. g3 Nf6 4. Bg2 g6 5. O-O Bg7 6. c3 O-O 7. d4 Nc6 8. Na3 h5 9. h3 Bd7 10. Be3 cxd4 11. cxd4 a6 12. Qd2 b5 13. Rac1 Rc8 14.
Nc2 e6 15. b3 Ne7 16. Bg5 Bc6 17. Qd3 Qd7 18. Ne3 Qb7 19. d5 exd5 20. exd5 Bd7 21.
Nd4 Rfe8 22. Rxc8 Bxc8 23. Rc1 Nh7 24. Bf4 Qd7 25. h4 Bb7 26. Nc6 Nf6 27. Bg5 Nc8 28. a4 bxa4 29. bxa4 Nb6 30. Qb3 Nc8 31. Rb1 Ba8 32. Qc4 Nh7 33. Bf4 a5 34. Nxa5 f6 35. Rb8 g5 36. Rxa8 gxf4 37. Qxf4 Nf8 38. Nc6 Qb7 39. Rb8 Qa6 40. Nf5 Ng6 41. Qf3 1-0

[Event "*** Titled Tuesday Blitz"]
[Site "Chess.com"]
[Date "2018.04.03"]
[Round "7"]
[White "Rodalquilar"]
[Black "ckgchess"]
[Result "1-0"]
[WhiteElo "2461"]
[BlackElo "2506"]
[TimeControl "180+2"]
[EndTime "14:31:52 PDT"]
[Termination "Rodalquilar won on time"]

1. d4 Nf6 2. c4 g6 3. Nc3 Bg7 4. e4 d6 5. f4 O-O 6. Nf3 c5 7. dxc5 Qa5 8. Bd3 Na6 9. O-O Nxc5 10. Bc2 Be6 11. Qe2 Qa6 12. Nb5 Rac8 13. Nfd4 Bg4 14. Qe1 e5 15. Nf3 Rfe8 16. b4 Ncd7 17. fxe5 dxe5 18. Bb3 Be6 19. Qe2 Nb6 20. Nd6 Nxc4 21. Nxe8 Nxe8 22. Kh1 h6 23. Nd2 Nxd2 24. Qxa6 bxa6 25.
Bxd2 Bxb3 26. axb3 Rc2 27. Be3 Rc3 28. Bc5 Rxb3 29.
Rxa6 Nc7 30. Rxa7 Ne6 31. Bd6 Re3 32. b5 Rxe4 33. b6 Re2 34. b7 Rb2 35. b8=Q+ Rxb8 36. Bxb8 e4 37. Raxf7 1-0

[Event "*** Titled Tuesday Blitz"]
[Site "Chess.com"]
[Date "2018.04.03"]
[Round "7"]
[White "Aariow"]
[Black "Albertu"]
[Result "1-0"]
[WhiteElo "2344"]
[BlackElo "2242"]
[TimeControl "180+2"]
[EndTime "14:31:53 PDT"]
[Termination "Aariow won by resignation"]

1. Nf3 Nf6 2. g3 g6 3. b3 Bg7 4. Bb2 O-O 5. Bg2 d5 6. c4 c6 7. O-O Bf5 8. d3 Na6 9. a3 Nc7 10. Nbd2 Nd7 11. Bxg7 Kxg7 12. Qc2 e5 13. e4 dxe4 14.
dxe4 Be6 15. Rfd1 Qe7 16. Qc3 f6 17. Nf1 Rfd8 18. Ne3 a5 19. b4 axb4 20. axb4 Nb6 21. Rxa8 Rxa8 22. h4 Bf7 23. h5 Ra4 24. Rb1 Na6 25.
c5 Nc8 26. Nh4 Qe6 27. Bf1 Nc7 28. Bc4 Qe8 29. h6+ Kxh6 30. Qb3 Bxc4 31. Qxa4 Bd3 32.
Re1 Nb5 33. Qd1 Qd7 34. Nhf5+ gxf5 35. Nxf5+ Kg6 36. Qg4+ Kf7 37. Qg7+ Ke6 38. Qg8+ Qf7 39. Qxc8+ Qd7 40. Qxd7+ Kxd7 41. Rd1 1-0

[Event "*** Titled Tuesday Blitz"]
[Site "Chess.com"]
[Date "2018.04.03"]
[Round "7"]
[White "Alopekos"]
[Black "amatatanav"]
[Result "1-0"]
[WhiteElo "2339"]
[BlackElo "2386"]
[TimeControl "180+2"]
[EndTime "14:32:00 PDT"]
[Termination "Alopekos won by checkmate"]

1. e4 c5 2. Nf3 Nc6 3. Nc3 g6 4. d4 cxd4 5. Nxd4 Bg7 6. Nxc6 bxc6 7. Bc4 Qc7 8. O-O Nf6 9. Re1 d6 10. Bf4 Nd7 11. Qd2 O-O 12. Bh6 a5 13. a4 Ba6 14.
Ba2 Rab8 15. Rab1 Rb4 16. h4 Rfb8 17. h5 Bf6 18. hxg6 hxg6 19. Bb3 Bc4 20. Bxc4 Rxc4 21.
Re3 Bxc3 22. Rxc3 Rxe4 23. Rh3 Qb6 24. Be3 Qb4 25. c3 Qc4 26. Bd4 e5 27. Qh6 f5 28.
Qh7+ Kf8 29. Qxd7 Qg8 30. Qxd6+ Kf7 31. Bxe5 Re8 32. Qf6# 1-0

[Event "*** Titled Tuesday Blitz"]
[Site "Chess.com"]
[Date "2018.04.03"]
[Round "7"]
[White "FMAntonio"]
[Black "kasparik_garik"]
[Result "1-0"]
[WhiteElo "2403"]
[BlackElo "2504"]
[TimeControl "180+2"]
[EndTime "14:32:01 PDT"]
[Termination "FMAntonio won by resignation"]

1. d4 Nf6 2. c4 d6 3. Nc3 Bf5 4. g3 e5 5. Bg2 Nc6 6. Nf3 Be7 7. O-O O-O 8. b3 Ne4 9. Nxe4 Bxe4 10. Bb2 Bf6 11.
d5 Bxf3 12. Bxf3 Ne7 13. Qd2 a5 14. a3 g6 15. Bg2 Bg7 16. b4 f5 17. c5 e4 18.
Bxg7 Kxg7 19. Qd4+ Kg8 20. Rfd1 Qd7 21. Rab1 axb4 22. Qxb4 Ra7 23. Rb3 Rfa8 24. Bf1 dxc5 25. Qxc5 Qd6 26. Qd4 Rxa3 27. Rxb7 e3 28. fxe3 R3a4 29.
Qc3 R4a7 30. Rb5 Ra5 31. Rxa5 Re8 32. Rc5 c6 33. Bg2 1-0

[Event "*** Titled Tuesday Blitz"]
[Site "Chess.com"]
[Date "2018.04.03"]
[Round "7"]
[White "Cecile-Haussernot"]
[Black "guillembaches"]
[Result "1-0"]
[WhiteElo "2300"]
[BlackElo "2214"]
[TimeControl "180+2"]
[EndTime "14:32:05 PDT"]
[Termination "Cecile-Haussernot won on time"]

1. e4 c5 2. Nf3 d6 3. d4 cxd4 4. Nxd4 Nf6 5. Nc3 Nc6 6. Bg5 e6 7. Qd2 h6 8. Be3 Ng4 9. O-O-O Nxe3 10. Qxe3 Qb6 11. Bb5 Bd7 12. e5 dxe5 13. Bxc6 bxc6 14. Qxe5 Qc5 15. Qe2 Be7 16. Nb3 Qg5+ 17. Kb1 Rd8 18. h4 Qf4 19. Rd4 Qc7 20. Ne4 O-O 21. g4 Bc8 22. g5 Rxd4 23. Nxd4 c5 24. Nb5 Qc6 25.
Nxa7 Qa6 26. Nb5 Bb7 27. c4 Qa8 28. f3 h5 29. Rg1 g6 30. Nf6+ Bxf6 31. gxf6 Bxf3 32.
Qd2 Kh7 33. Nd6 Rd8 34. Qf4 Qc6 35. Nxf7 Qe4+ 36. Qxe4 Bxe4+ 37. Ka1 1-0

[Event "*** Titled Tuesday Blitz"]
[Site "Chess.com"]
[Date "2018.04.03"]
[Round "7"]
[White "pulvettd"]
[Black "wonderfultime"]
[Result "0-1"]
[WhiteElo "2437"]
[BlackElo "2750"]
[TimeControl "180+2"]
[EndTime "14:32:08 PDT"]
[Termination "wonderfultime won on time"]

1. d4 d5 2. c4 c6 3. Nc3 Nf6 4. e3 a6 5. Nf3 Bf5 6. Bd3 Bg6 7. O-O e6 8. Qc2 Nbd7 9. e4 dxe4 10. Nxe4 Be7 11. Bd2 O-O 12. Bc3 Qc7 13. Rad1 Rfd8 14. Neg5 Bxd3 15. Qxd3 h6 16. Ne4 a5 17. Nxf6+ Bxf6 18. Qe4 a4 19. Ne5 Nxe5 20. dxe5 Be7 21. f4 g6 22. g4 Rxd1 23. Rxd1 Rd8 24. Rf1 Qd7 25. f5 Qd3 26. Qxd3 Rxd3 27. f6 Bc5+ 28. Kg2 a3 29.
Rf3 axb2 30. Bxb2 Rd2+ 31. Kh3 Rxb2 32. Rd3 Re2 33. Rd8+ Bf8 34. Rb8 Rxe5 35. Rxb7 Ra5 36. Rb2 Ra4 37. Rc2 g5 38. Kg3 Bd6+ 39. Kf3 Be5 40.
Ke4 Bxf6 41. h3 Kg7 42. Kd3 Be7 43. Kc3 Ra3+ 44. Kb2 Rxh3 45. c5 Bf6+ 46. Kc1 Rc3 47.
a4 Rxc2+ 48. Kxc2 Bd4 49. a5 Bxc5 50. a6 Ba7 51. Kd3 f5 52. gxf5 exf5 53. Ke2 h5 54. Kf3 h4 55. Kg2 g4 56. Kh2 f4 57. Kg2 f3+ 58. Kh1 f2 59. Kh2 g3+ 60. Kg2 h3+ 61. Kxg3 f1=Q 62. Kh4 Qg2 63. Kh5 h2 0-1

[Event "*** Titled Tuesday Blitz"]
[Site "Chess.com"]
[Date "2018.04.03"]
[Round "7"]
[White "oskariot"]
[Black "dianosky"]
[Result "0-1"]
[WhiteElo "2392"]
[BlackElo "2296"]
[TimeControl "180+2"]
[EndTime "14:32:09 PDT"]
[Termination "dianosky won by resignation"]

1. Nc3 d5 2. d3 c5 3. g3 e5 4. Bg2 Be6 5. Nf3 f6 6. O-O Nc6 7. e4 d4 8. Ne2 Qd7 9. Nd2 Bd6 10. f4 Nge7 11. f5 Bf7 12. Nf3 O-O 13. g4 c4 14. g5 Rfc8 15. gxf6 gxf6 16. Bh6 Kh8 17. Ng3 Ng8 18. Bd2 Bb4 19. Bc1 a5 20. Nh4 b5 21. Qg4 Bf8 22. Qh3 Nb4 23. Ng6+ Bxg6 24. fxg6 Qxh3 25. Bxh3 hxg6 26. Bxc8 Rxc8 27.
dxc4 Nxc2 28. Rb1 bxc4 29. Bd2 a4 30. a3 Bc5 31. Kg2 Kg7 32. Ne2 Rb8 33. Rfc1 d3 34.
Nc3 f5 35. Nxa4 Bd4 36. Nc3 f4 37. a4 Nf6 38. Nb5 Nxe4 39. Nxd4 Nxd4 40. Bxf4 exf4 41.
Rxc4 f3+ 42. Kh3 Nd2 43. Rxd4 Nxb1 44. Kg3 Nd2 45. Rxd3 f2 46. Kxf2 Rxb2 47. Kg3 Ne4+ 48. Kf4 Nc5 49. Rd5 Rb4+ 50. Kg3 Ne4+ 51. Kf3 Rxa4 52. h4 Nf6 0-1

[Event "*** Titled Tuesday Blitz"]
[Site "Chess.com"]
[Date "2018.04.03"]
[Round "7"]
[White "PchelkinVK"]
[Black "BartoszSocko"]
[Result "1-0"]
[WhiteElo "2399"]
[BlackElo "2555"]
[TimeControl "180+2"]
[EndTime "14:32:11 PDT"]
[Termination "PchelkinVK won by resignation"]

1. d4 e6 2. Nc3 d5 3. e4 Bb4 4. e5 Ne7 5. Qg4 c5 6. dxc5 Nbc6 7. Bd2 Ng6 8. Nf3 Bxc5 9. O-O-O Bxf2 10. h4 h5 11. Qh3 Qb6 12. Nb5 Ncxe5 13. Nxe5 Nxe5 14. Qc3 d4 15. Qc7 Qxc7 16. Nxc7+ Kd7 17. Nxa8 Nc6 18. Bb5 f6 19. c3 b6 20. Rhf1 Bg3 21. Bf4 Bxf4+ 22.
Rxf4 e5 23. cxd4 exf4 24. d5 Kd6 25. dxc6+ Kc5 26. Be2 Kxc6 27. Bf3+ Kc5 28. Nc7 Bg4 29. Na6+ Kb5 30. Nc7+ Kc4 31. b3+ Kc5 32. Rd5+ Kb4 33. Kb2 1-0